 Dungeon Crawl Stone Soup version 0.29.1-debian-4-g95531337e3 (webtiles) character file.

Game seed: 9532625467576764469

2902 Colgate the Trooper (level 9, -3/76 HPs)
             Began as an Octopode Transmuter on Sept 13, 2022.
             Was a Priest of Vehumet.
             Killed from afar by a steam dragon (24 damage)
             ... with a ball of steam
             ... on level 8 of the Dungeon on Sept 14, 2022.
             The game lasted 00:32:51 (10545 turns).

Colgate the Trooper (Octopode Transmuter)          Turns: 10545, Time: 00:32:52

Health: -3/76      AC:  8    Str: 10    XL:     9   Next: 78%
Magic:  9/14       EV: 10    Int: 19    God:    Vehumet [***...]
Gold:   433        SH:  0    Dex: 12    Spells: 3/15 levels left

rFire   x x .      SeeInvis .     - Unarmed
rCold   + + +      Faith    .   (shield currently unavailable)
rNeg    . . .      Spirit   .   (helmet currently unavailable)
rPois   +          Reflect  .   f - amulet of regeneration
rElec   .          Harm     .   d - ring of resist corrosion
rCorr   +          Rampage  .   r - ring of ice
Will    .....                   (no ring)
Stlth   ++........              (no ring)
HPRegen 1.02/turn               (no ring)
MPRegen 0.14/turn               (no ring)
                                (no ring)
                                (no ring)

@: ice-form
A: freezing attack, boosted hp, almost no armour, amphibious, 8 rings, large,
(camouflage 1), (gelatinous body 1), (nimble swimmer 1), (tentacles)
a: End Transformation, Renounce Religion


You were on level 8 of the Dungeon.
You worshipped Vehumet.
Vehumet was most pleased with you.
You were a creature of crystalline ice.
You visited 2 branches of the dungeon, and saw 9 of its levels.

You collected 433 gold pieces.

Inventory:

Missiles
 l - 2 curare-tipped darts
Jewellery
 c - an amulet of the acrobat
 d - a ring of resist corrosion (left front paw)
 f - an amulet of regeneration (around neck)
 r - a ring of ice (right front paw)
Wands
 o - a wand of flame (38)
 y - a wand of paralysis (5)
Scrolls
 e - a scroll of amnesia {unknown}
 g - 2 scrolls of immolation {unknown}
 i - 7 scrolls of teleportation {@r3}
 j - 2 scrolls of brand weapon {unknown}
 m - a scroll of enchant weapon {unknown}
 p - 5 scrolls of vulnerability
 v - a scroll of butterflies {unknown}
 z - a scroll of acquirement {unknown}
 A - a scroll of torment {unknown}
Potions
 a - 2 potions of lignification
 b - a potion of cancellation
 h - 7 potions of curing {@q1}
 k - a potion of ambrosia {unknown}
 n - a potion of heal wounds {@q2}
 q - a potion of flight {unknown}
 s - 3 potions of attraction
 t - a potion of brilliance {unknown}
 u - a potion of mutation {unknown}
 w - a potion of resistance {unknown}
 x - 3 potions of haste {@q4}


   Skills:
 - Level 7.5 Fighting
 - Level 3.2 Dodging
 - Level 1.7 Stealth
 + Level 7.5 Unarmed Combat
 - Level 3.5 Spellcasting
 - Level 7.2 Transmutations
 - Level 1.2 Ice Magic


You had 3 spell levels left.
You knew the following spells:

 Your Spells              Type           Power      Damage    Failure   Level
a - Beastly Appendage     Tmut           60%        N/A       1%          1
b - Wereblood             Tmut           30%        N/A       1%          2
c - Spider Form           Tmut/Pois      17%        N/A       10%         3
d - Ice Form              Ice/Tmut       29%        N/A       26%         4
e - Passwall              Tmut/Erth      14%        N/A       4%          2

Your spell library contained the following spells:

 Spells                   Type           Power      Damage    Failure   Level
 Dazzling Flash           Conj/Hex       6%         N/A       12%         3
 Magic Dart               Conj           12%        1d3       4%          1
 Sandblast                Erth           6%         2d5       4%          1
 Mephitic Cloud           Conj/Pois/Air  3%         N/A       12%         3
 Stone Arrow              Conj/Erth      6%         3d7       12%         3
 Call Imp                 Summ           3%         N/A       22%         2


Dungeon Overview and Level Annotations

Branches:
Dungeon (8/15)             Temple (1/1) D:6
   Lair: D:8-11

Altars:
Ashenzari
Dithmenos
Elyvilon
Fedhas
Gozag
Hepliaklqana
Kikubaaqudgha
Makhleb
Nemelex Xobeh
Okawaru
Qazlal
Ru
Sif Muna
Trog
Uskayaw
Vehumet
Zin
The Shining One

Annotations:
D:8 Gastronok, Pikel, Psyche


Innate Abilities, Weirdness & Mutations

You are a creature of crystalline ice.
You have a powerful freezing melee attack.
Your maximum health is increased.
Your armour is entirely melded.
You are incapable of wielding weapons or throwing items.
You cannot wear most types of armour.
You are amphibious.
You can wear up to eight rings at the same time.
((Your skin changes colour to match your surroundings (Stealth+).))
((Your rubbery body absorbs attacks. (AC +1, EV +1)))
((You are camouflaged when in or above water. (Stealth+)))
((You have tentacles for arms and can constrict up to eight enemies at once.))


Message History

Your magical contamination has completely faded away.
Casting: Ice Form (quite dangerous; 26% risk of failure)
You feel a surge of power!
You turn into a creature of crystalline ice.
Okay, then.
A shadow imp comes into view.
The shadow imp shouts!
The steam dragon hisses angrily.
You hear a horrible gurgling sound!
The steam dragon breathes steam at you. The ball of steam hits you!
The steam scalds you terribly!
The shadow imp moves out of view.
Found 8 stones.
You hit the steam dragon but do no damage.
The steam dragon bites you but does no damage.
The steam dragon claws you but does no damage.
You hit the steam dragon. You freeze the steam dragon.
The steam dragon bites you but does no damage.
The steam dragon misses you.
The shadow imp grins evilly.
Found a wand of light (12).
Gastronok the Ponderous comes into view.
He is wearing a +2 hat of intelligence.
Pikel shouts!
Gastronok gurgles horribly!
You hear a shout!
The lemure shouts!
The steam dragon breathes steam at you. The ball of steam hits you!
The steam scalds you terribly!
The shadow imp is engulfed in a cloud of scalding steam.
Found 9 gold pieces.
You are engulfed in a cloud of scalding steam.
The shadow imp gestures at you.
You struggle to resist.
You are engulfed in a cloud of scalding steam.
The shadow imp gestures at you. Pain shoots through your body!
Pikel hits you with a +1 whip of flaming!
Pikel melts you. The lemure attacks as you move away! The lemure hits you.
* * * LOW HITPOINT WARNING * * *
The steam dragon breathes steam at you. The ball of steam hits you!!
The steam scalds you terribly!
You die...

....K. .## ...##. .....5# ...##..
...... .. .....5. ......#
#................>
###.....###...# ...$........
##...#........###............
#....#....#.................. #
###............#.............. #
##............Y................
###..##.........§K55.............
##...........<##.D..5............
#..........#####.....<..... ..
#..........####5..§........ ..
...........#.....§$§....... ..
................##......... ..
........####.##.##...#..... ..
.......## #..#w.....#..... ..


You could see Pikel, a steam dragon (catching breath), 3 lemures and a shadow
imp.

Vanquished Creatures
  Joseph (D:7)
  Prince Ribbit (D:5)
  A steam dragon (D:7)
  2 water moccasins (D:7)
  2 ice beasts (D:7)
  3 black bears
  An ogre (D:6)
  A phantom (D:5)
  A lemure (D:7)
  A kobold brigand (D:6)
  2 necrophages
  2 bullfrogs
  A scorpion (D:6)
  A wyvern zombie (D:7)
  A wight (D:7)
  2 howler monkeys
  A centaur zombie (D:7)
  3 jellies
  3 hounds
  3 orc priests
  6 iguanas
  2 orc wizards
  3 killer bee zombies (D:7)
  A mummy (D:5)
  9 adders
  6 gnolls
  A white imp (D:6)
  3 worms
  4 dart slugs
  23 orcs
  4 ball pythons
  5 endoplasms
  3 giant cockroaches
  7 goblins
  9 hobgoblins
  9 jackals
  10 kobolds
  4 quokkas
  3 bats
  4 frilled lizards
  2 hobgoblin zombies (D:5)
  A kobold zombie (D:5)
  An orc zombie (D:5)
  A rat (D:1)
154 creatures vanquished.

Vanquished Creatures (others)
  A withered plant (D:7)
1 creature vanquished.

Grand Total: 155 creatures vanquished

Notes
Turn   | Place    | Note
-------+----------+-------------------------------------------
     0 | D:1      | Colgate the Octopode Transmuter began the quest for the
                  | Orb.
     0 | D:1      | Reached XP level 1. HP: 13/13 MP: 3/3
   427 | D:1      | Reached XP level 2. HP: 18/18 MP: 3/5
   430 | D:1      | Learned a level 2 spell: Wereblood
  1068 | D:1      | Reached skill level 1 in Stealth
  1068 | D:1      | Reached XP level 3. HP: 14/23 MP: 4/6
  1072 | D:1      | Learned a level 3 spell: Spider Form
  1995 | D:2      | Reached XP level 4. HP: 28/28 MP: 2/7
  2146 | D:2      | Found a faded altar of an unknown god.
  2165 | D:2      | Prayed at the altar of an unknown god.
  2165 | D:2      | Became a worshipper of Vehumet
  2165 | D:2      | Reached * piety under Vehumet
  2165 | D:2      | Offered knowledge of Shock by Vehumet.
  3989 | D:3      | Reached XP level 5. HP: 35/35 MP: 5/8
  5567 | D:4      | Offered knowledge of Poisonous Vapours by Vehumet.
  5568 | D:4      | Reached XP level 6. HP: 32/43 MP: 1/9
  5785 | D:4      | Reached skill level 5 in Fighting
  5827 | D:4      | Reached ** piety under Vehumet
  5899 | D:5      | Entered Level 5 of the Dungeon
  6058 | D:5      | Found a sacrificial altar of Ru.
  6061 | D:5      | Noticed Prince Ribbit
  6077 | D:5      | Killed Prince Ribbit
  6078 | D:5      | Reached skill level 5 in Unarmed Combat
  6078 | D:5      | Reached XP level 7. HP: 12/50 MP: 3/10
  6507 | D:5      | Learned a level 4 spell: Ice Form
  6545 | D:5      | Reached XP level 8. HP: 29/55 MP: 8/11
  6931 | D:5      | Reached skill level 5 in Transmutations
  7114 | D:5      | Reached skill level 1 in Ice Magic
  7454 | D:5      | Offered knowledge of Dazzling Flash by Vehumet.
  7478 | D:5      | Found an iron altar of Okawaru.
  7940 | D:6      | Found a staircase to the Ecumenical Temple.
  7954 | Temple   | Entered the Ecumenical Temple
  8186 | D:6      | You fall into a shaft and drop 2 floors!
  8889 | D:7      | Reached XP level 9. HP: 9/61 MP: 3/14
  9081 | D:7      | Noticed Joseph
  9096 | D:7      | Killed Joseph
  9283 | D:6      | Reached *** piety under Vehumet
  9850 | D:6      | Learned a level 2 spell: Passwall
 10336 | D:8      | Noticed Psyche
 10338 | D:8      | Noticed Pikel
 10539 | D:8      | Noticed Gastronok
 10545 | D:8      | Killed from afar by a steam dragon

Illustrated notes

Levels and vault maps discovered:
D:1:      amcnicky_arrival_choice, layout_loops_corners, minmay_heptomino_l4
D:2:      layout_basic, hellmonk_ecumenical_altar_pennies_from_heaven,
          nicolae_kite_square_tiling_tiny
D:3:      layout_loops_corners
D:4:      layout_rooms, minmay_pentomino_pile
D:5:      layout_gridville, old_standard_altar, okawaru_altar_gauntlet_db,
          minmay_mini_ossuary, uniq_prince_ribbit1
D:6:      layout_basic, minmay_temple_entry_ruins, minmay_misc_feat_chi
D:7:      layout_basic, serial_undead, serial_undead_b, serial_undead_c,
          serial_undead_b, serial_undead_e, uniq_joseph
D:8:      layout_cave_pools, ebering_ghost_xom, uniq_pikel, uniq_gastronok,
          uniq_psyche
Temple:   nicolae_temple_bog_church

Skill      XL: |  1  2  3  4  5  6  7  8  9 |
---------------+----------------------------+-----
Unarmed Combat | 4 5 7 |  7.5
Stealth        | 1 |  1.7
Transmutations | 3 4 7 |  7.2
Fighting       | 2 4 5 7 |  7.5
Dodging        | 3 |  3.2
Ice Magic      | 1 |  1.2
Spellcasting   | 3 |  3.5

Action                   |  1- 3 |  4- 6 |  7- 9 || total
-------------------------+-------+-------+-------++-------
Melee: Unarmed           |    60 |   159 |   226 ||   445
       Constrict         |    13 |     6 |     1 ||    20
       Kick              |     9 |       |       ||     9
       Tentacles         |     7 |     4 |     1 ||    12
       Punch             |     1 |       |       ||     1
 Cast: Beastly Appendage |    21 |       |       ||    21
       Spider Form       |     6 |    38 |    26 ||    70
       Wereblood         |     1 |     1 |     7 ||     9
       Ice Form          |       |       |    28 ||    28
 Abil: End Transformatio |       |     1 |     4 ||     5
  Use: Scroll            |     2 |     3 |     2 ||     7
       Potion            |       |       |     4 ||     4
 Stab: Sleeping          |     7 |     5 |     1 ||    13
Armor: Skin              |     2 |    16 |    74 ||    92
Dodge: Dodged            |    34 |   115 |   188 ||   337
